 Dungeon Sprint DCSS version 0.29.1-12-g30fa7ad0bf (webtiles) character file.

Game seed: 836964998168019778

3574 Groucho the Nimble (level 9, -4/46 HPs)
             Began as a Felid Transmuter on Jan 8, 2023.
             Was the Champion of Dithmenos.
             Slain by a soul eater (11 damage)
             ... summoned by Frances
             ... in the Dungeon (Sprint III: "The Ten Rune Challenge").
             The game lasted 00:16:40 (4542 turns).

Groucho the Nimble (Felid Transmuter)               Turns: 4542, Time: 00:16:40

Health: -4/46      AC:  4    Str:  8    XL:     9   Next: 84%
Magic:  20/23      EV: 26    Int: 18    God:    Dithmenos [******]
Gold:   1478       SH:  0    Dex: 16    Spells: 16/27 levels left
                                        Lives:  0   Deaths: 3

rFire   + . .      SeeInvis +     - Unarmed
rCold   . . .      Faith    .   (shield unavailable)
rNeg    . . .      Spirit   .   (body armour unavailable)
rPois   +          Reflect  .   (helmet unavailable)
rElec   .          Harm     .   (cloak unavailable)
rCorr   .          Rampage  .   (gloves unavailable)
Will    +....      NoTele   +   (boots unavailable)
Stlth   ++++++++++              (no amulet)
HPRegen 0.15/turn               b - ring of poison resistance
MPRegen 0.18/turn               (no ring)

@: wreathed by umbra, quick
A: very small, claws 1, fangs 3, see invisible, speed 1, shaggy fur 2, stealthy
paws, no weapons or thrown items, no armour, multi-lived, iridescent scales 1,
fire resistance 1
a: Renounce Religion, Shadow Step, Shadow Form


You were in the Dungeon.
You worshipped Dithmenos.
Dithmenos was exalted by your worship.
You visited 1 branch You collected 1598 gold pieces.
You spent 120 gold pieces at shops.

Inventory:

Jewellery
 b - a ring of poison resistance (left paw)
Wands
 a - a wand of paralysis (10)
Scrolls
 h - a scroll of identify
 j - a scroll of immolation {unknown}
Potions
 e - 2 potions of magic


   Skills:
 * Level 10.2 Fighting
 * Level 13.2 Dodging
 - Level 13.1 Stealth
 * Level 10.6 Unarmed Combat
 * Level 9.6 Spellcasting
 - Level 5.0 Conjurations
 * Level 12.3 Transmutations
 - Level 5.3 Fire Magic
 + Level 4.9 Ice Magic
 + Level 5.4 Poison Magic
 + Level 5.4 Invocations


You had 16 spell levels left.
You knew the following spells:

 Your Spells              Type           Power      Damage    Failure   Level
a - Beastly Appendage     Tmut           100%       N/A       1%          1
b - Wereblood             Tmut           52%        N/A       1%          2
c - Spider Form           Tmut/Pois      40%        N/A       1%          3
d - Foxfire               Conj/Fire      100%       2x1d9     1%          1
e - Ice Form              Ice/Tmut       39%        N/A       2%          4

Your spell library contained the following spells:

 Spells                   Type           Power      Damage    Failure   Level
 Conjure Flame            Conj/Fire      27%        6-21      3%          3
 Inner Flame              Hex/Fire       18%        N/A       9%          3
 Flame Wave               Conj/Fire      27%        2d9       10%         4
 Yara's Violent Unravell  Hex/Tmut       15%        3d8       19%         5
 Tukima's Dance           Hex            8%         N/A       26%         3
 Passage of Golubria      Tloc           8%         N/A       63%         4


Dungeon Overview and Level Annotations

Branches:
Dungeon (1/1)

Altars:
Cheibriados
Dithmenos
Elyvilon
Fedhas
Gozag
Hepliaklqana
Kikubaaqudgha
Makhleb
Nemelex Xobeh
Okawaru
Qazlal
Ru
Sif Muna
Trog
Uskayaw
Vehumet
Wu Jian
Xom
Yredelemnul
Zin
The Shining One
Jiyva
Lugonu

Shops:
D *

Annotations:
D Donald, Frances


Innate Abilities, Weirdness & Mutations

You have sharp claws.
You have razor-sharp teeth.
You have supernaturally acute eyesight. (SInv)
You cover ground quickly. (Speed+)
You are covered in thick fur. (AC +2)
Your paws help you pounce on unaware monsters.
You are incapable of wielding weapons or throwing items.
You cannot wear armour.
You gain extra lives every three experience levels.
You are partially covered in iridescent scales. (AC +2)
Your flesh is heat resistant. (rF+)


Message History

Your transformation has ended.
You start waiting.
You start waiting.
You start waiting.
Done waiting.
There is an entrance to Eduanile's Assorted Antiques here.
You now have 1478 gold pieces (gained 777).
Items here: )) [ ÷.
You see here a +0 trident.
Items here: )))))))))))))) [[[[[[[[[[ ÷÷÷÷÷÷.
There is an open door to the Orcish Mines here.
Things that are here:
a +0 giant club; a +0 giant club
Items here: ! ))) [.
There is an open door here.
You open the door.
Donald and Frances come into view.
Donald is wielding a +0 war axe of holy wrath and wearing a +2 kite shield of reflection.
Frances is wielding a +2 war axe of holy wrath and quivering curare-tipped darts.
Aiming: Shadow Step
Press: ? - help, Dir - move target, f - Frances
Aim: Frances, wielding a +2 war axe of holy wrath and quivering curare-tipped darts (asleep, umbra)
You step into Frances's shadow.
You pounce on the unaware helpless Frances!
You eviscerate Frances!!!!
Frances is almost dead.
Frances screams a word of power!
Donald shouts!
Donald blocks your attack.
Your shadow hits Donald but does no damage.
Unknown command.
The soul eater hits you!
Frances chants phrases taken from a devil's mouth.
Donald hits you with a +0 war axe of holy wrath!!
The ynoxinul disappears in a puff of smoke!
The soul eater draws from the surrounding life force!
* * * LOW HITPOINT WARNING * * *
The rust devil closely misses you.
There is an open door here.
The soul eater draws from the surrounding life force!
You die...

#'###########################
#....#)#)#...).#......'§§§~≈#
##.#.)#.##.###.#......#§§§~≈###
'##.#.#.##.#..##.....^#§§§~≈≈≈#
#...#..#..##..'..^.^^.#§§§~~~~#
▓▓▓▓▓▓▓▓▓▓▓▓▓▓#.^^....#§§.§...#
........~~~...#......^#..§....#
≈≈≈≈≈≈≈≈≈≈♣♣P.'.....^.#.......#
♣♣♣♣♣♣♣♣♣♣♣♣PP#^@.^...#########
♣♣♣##'###### ♣♣♣♣♣♣♣♣♣♣♣ #3@@+
.##~~~~~≈.D #4.4# #.#~~~~≈..D
#...# .##'~~~≈≈# #####
...#~S..... #.)#≈..+###
####...#


You could see Frances, Donald (reflecting), a soul eater (summoned), an orange
demon (summoned) and a rust devil (summoned).

Vanquished Creatures
  Erolcha (D)
  Urug (D)
  A deep elf pyromancer (D)
  A lindwurm (D)
  2 cane toads (D)
  A rime drake (D)
  A komodo dragon (D)
  2 tyrant leeches (D)
  A queen bee (D)
  2 blink frogs (D)
  3 wandering mushrooms (D)
  A shadow (D)
  5 redbacks (D)
  A spatial vortex (D)
  A swamp drake (D)
  2 orc warriors (D)
  5 two-headed ogres (D)
  A water elemental (D)
  A necrophage (D)
  A scorpion (D)
  32 killer bees (D)
  An orc priest (D)
  A jelly (D)
  A wizard (D)
  5 orc wizards (D)
  A necromancer (D)
  3 humans (D)
  A kobold demonologist (D)
  9 orcs (D)
  An endoplasm (D)
  A hobgoblin (D)
  3 rats (D)
93 creatures vanquished.

Vanquished Creatures (collateral kills)
  A foxfire (D)
1 creature vanquished.

Vanquished Creatures (others)
  48 foxfires (D)
48 creatures vanquished.

Grand Total: 142 creatures vanquished

Notes
Turn   | Place    | Note
-------+----------+-------------------------------------------
     0 | D        | Groucho the Felid Transmuter began the quest for the Orb.
     0 | D        | Reached XP level 1. HP: 9/9 MP: 4/4
   466 | D        | Reached XP level 2. HP: 13/13 MP: 3/6
   509 | D        | Noticed a scorpion
   519 | D        | Killed a scorpion
   520 | D        | Reached skill level 5 in Dodging
   520 | D        | Reached XP level 3. HP: 17/17 MP: 6/9
   520 | D        | Reached XP level 4. HP: 21/21 MP: 6/10
   841 | D        | Gained mutation: You occasionally lose the ability to read
                  | scrolls when taking damage. [potion of mutation]
   842 | D        | Lost mutation: You occasionally lose the ability to read
                  | scrolls when taking damage. [potion of mutation]
   842 | D        | Gained mutation: You possess an exceptional clarity of
                  | mind. [potion of mutation]
   842 | D        | Gained mutation: Your magical capacity is low. (-10% MP)
                  | [potion of mutation]
   845 | D        | Lost mutation: You possess an exceptional clarity of mind.
                  | [potion of mutation]
   845 | D        | Lost mutation: Your magical capacity is low. (-10% MP)
                  | [potion of mutation]
   845 | D        | Gained mutation: You are partially covered in iridescent
                  | scales. (AC +2) [potion of mutation]
   845 | D        | Gained mutation: You are agile. (Dex +4, Str/Int -1)
                  | [potion of mutation]
   845 | D        | Lost mutation: You are agile. (Dex +4, Str/Int -1) [potion
                  | of mutation]
   845 | D        | Gained mutation: Your flesh is heat resistant. (rF+)
                  | [potion of mutation]
   880 | D        | Noticed a water elemental
   930 | D        | Killed a water elemental
   931 | D        | Reached skill level 5 in Unarmed Combat
   931 | D        | Reached skill level 5 in Transmutations
  1235 | D        | Found a radiant altar of Vehumet.
  1237 | D        | Found a shimmering blue altar of Sif Muna.
  1237 | D        | Found an ancient bone altar of Kikubaaqudgha.
  1237 | D        | Noticed a wizard
  1238 | D        | Killed a wizard
  1239 | D        | Reached XP level 5. HP: 25/25 MP: 10/12
  1241 | D        | Reached skill level 5 in Stealth
  1357 | D        | Found a shadowy altar of Dithmenos.
  1358 | D        | Found a basalt altar of Yredelemnul.
  1358 | D        | Found a sacrificial altar of Ru.
  1366 | D        | Became a worshipper of Dithmenos the Shadowed
  1378 | D        | Learned a level 2 spell: Wereblood
  1382 | D        | Learned a level 3 spell: Spider Form
  1384 | D        | Learned a level 1 spell: Foxfire
  1389 | D        | Learned a level 4 spell: Ice Form
  1390 | D        | Found a hide-covered altar of Uskayaw.
  1390 | D        | Found an iron altar of Okawaru.
  1391 | D        | Found a bloodstained altar of Trog.
  1391 | D        | Found an ornate altar of the Wu Jian Council.
  1391 | D        | Noticed a human
  1391 | D        | Noticed a human
  1417 | D        | Mangled by a human
  1418 | D        | Reached XP level 4. HP: -7/22 MP: 11/11
  1529 | D        | Killed a human
  1530 | D        | Reached skill level 5 in Fighting
  1530 | D        | Reached skill level 5 in Spellcasting
  1530 | D        | Reached XP level 5. HP: 20/26 MP: 8/13
  1530 | D        | Gained mutation: You are covered in thick fur. (AC +2)
                  | [Felid growth]
  1530 | D        | Reached XP level 6. HP: 23/30 MP: 8/14
  1763 | D        | Killed a human
  1764 | D        | Reached skill level 1 in Fire Magic
  2109 | D        | Found a glowing silver altar of Zin.
  2110 | D        | Found a glowing golden altar of the Shining One.
  2110 | D        | Found a white marble altar of Elyvilon.
  2110 | D        | Noticed a deep elf pyromancer
  2116 | D        | Noticed a fire elemental
  2118 | D        | Killed a deep elf pyromancer
  2118 | D        | Reached * piety under Dithmenos
  2119 | D        | Reached skill level 1 in Conjurations
  2119 | D        | Reached skill level 1 in Ice Magic
  2119 | D        | Reached skill level 1 in Poison Magic
  2119 | D        | Reached skill level 1 in Invocations
  2119 | D        | Reached XP level 7. HP: 35/35 MP: 11/17
  2289 | D        | Noticed a shadow
  2291 | D        | Killed a shadow
  2292 | D        | Reached XP level 8. HP: 39/39 MP: 16/18
  2297 | D        | Found a blossoming altar of Fedhas.
  2297 | D        | Found a stormy altar of Qazlal.
  2298 | D        | Found a snail-covered altar of Cheibriados.
  2298 | D        | Found a burning altar of Makhleb.
  2298 | D        | Found a hazy altar of Hepliaklqana.
  2298 | D        | Found a shimmering altar of Xom.
  2298 | D        | Found an opulent altar of Gozag.
  2298 | D        | Found a sparkling altar of Nemelex Xobeh.
  2298 | D        | Found a corrupted altar of Lugonu.
  2298 | D        | Found a viscous altar of Jiyva.
  2302 | D        | Reached ** piety under Dithmenos
  2303 | D        | Reached skill level 10 in Stealth
  2324 | D        | Noticed a two-headed ogre
  2353 | D        | Killed a two-headed ogre
  2353 | D        | Reached *** piety under Dithmenos
  2394 | D        | Noticed a two-headed ogre
  2394 | D        | Noticed Erolcha
  2406 | D        | Killed Erolcha
  2407 | D        | Reached skill level 10 in Dodging
  2407 | D        | Reached skill level 10 in Transmutations
  2407 | D        | Reached XP level 9. HP: 44/44 MP: 15/20
  2416 | D        | Killed a two-headed ogre
  2639 | D        | Reached **** piety under Dithmenos
  2651 | D        | Noticed a queen bee
  3078 | D        | Reached ***** piety under Dithmenos
  3127 | D        | Reached ****** piety under Dithmenos
  3505 | D        | Reached XP level 10. HP: 43/49 MP: 20/23
  3536 | D        | HP: 2/58 [killer bee (6)]
  3537 | D        | Succumbed to a killer bee's poison
  3538 | D        | Reached XP level 9. HP: 0/54 MP: 20/22
  3735 | D        | Noticed a wandering mushroom
  3739 | D        | Noticed a wandering mushroom
  3741 | D        | Noticed a wandering mushroom
  3777 | D        | Killed a wandering mushroom
  3806 | D        | Killed a wandering mushroom
  4033 | D        | Noticed a cane toad
  4033 | D        | Noticed a komodo dragon
  4033 | D        | Noticed a cane toad
  4036 | D        | Killed a cane toad
  4037 | D        | Killed a komodo dragon
  4038 | D        | Killed a cane toad
  4043 | D        | Noticed a tyrant leech
  4046 | D        | Killed a tyrant leech
  4047 | D        | Reached skill level 5 in Fire Magic
  4047 | D        | Reached XP level 10. HP: 49/49 MP: 23/23
  4052 | D        | Reached skill level 10 in Unarmed Combat
  4054 | D        | Noticed a lindwurm
  4057 | D        | Killed a lindwurm
  4058 | D        | Reached skill level 5 in Conjurations
  4060 | D        | Reached skill level 5 in Poison Magic
  4060 | D        | Reached skill level 5 in Invocations
  4065 | D        | Noticed Urug
  4068 | D        | Killed Urug
  4069 | D        | Reached skill level 10 in Fighting
  4072 | D        | Noticed a four-headed hydra
  4072 | D        | Noticed a seven-headed hydra
  4147 | D        | Slain by a blink frog
  4148 | D        | Reached XP level 9. HP: -2/55 MP: 23/23
  4239 | D        | Found Eduanile's Assorted Antiques.
  4268 | D        | Bought a blackened tourmaline ring for 120 gold pieces
  4535 | D        | Noticed Donald
  4535 | D        | Noticed Frances
  4538 | D        | Noticed a rust devil
  4538 | D        | Noticed a soul eater
  4540 | D        | Noticed an orange demon
  4542 | D        | Slain by a soul eater

Illustrated notes

Levels and vault maps discovered:
D:        dungeon_sprint_mu [sprint_mu_entry_forest, sprint_mu_temple_rooms,
          sprint_mu_d1_spiders, sprint_mu_d2_genie, sprint_mu_d3_branching,
          sprint_mu_orc_legion, sprint_mu_elf_gauntlet, sprint_mu_hive_nellie,
          sprint_mu_lair_fedhas, sprint_mu_vaults_butterflies,
          sprint_mu_slime_circle, sprint_mu_shoals_archi,
          sprint_mu_snake_twists, sprint_mu_blade_basic,
          sprint_mu_crypt_fortress, sprint_mu_tomb_spiral,
          sprint_mu_vestibule_basic, sprint_mu_gehenna_hellfire,
          sprint_mu_dis_giant, sprint_mu_tartarus_statrot,
          sprint_mu_cocytus_islands, sprint_mu_zot1]

Skill      XL: |  1  2  3  4  5  6  7  8  9 10 |
---------------+-------------------------------+-----
Dodging        | 4 5 7 8 9 10 12 13 | 13.2
Fighting       | 2 3 5 6 7 9 10 | 10.2
Transmutations | 3 4 7 6 8 9 10 12 | 12.3
Unarmed Combat | 4 6 7 8 9 10 | 10.6
Spellcasting   | 3 5 6 7 8 9 |  9.6
Stealth        | 8 6 9 11 13 | 13.1
Fire Magic     | 2 3 5 |  5.3
Conjurations   | 1 2 4 5 |  5.0
Ice Magic      | 1 3 4 |  4.9
Poison Magic   | 1 2 3 4 5 |  5.4
Invocations    | 1 2 3 4 5 |  5.4

Action                   |  1- 3 |  4- 6 |  7- 9 | 10-12 || total
-------------------------+-------+-------+-------+-------++-------
Melee: Unarmed           |    21 |    39 |   186 |    45 ||   291
       Headbutt          |     1 |     4 |     2 |       ||     7
       Bite              |       |     2 |     2 |       ||     4
       Punch             |       |       |     1 |       ||     1
 Cast: Beastly Appendage |     4 |     5 |     3 |       ||    12
       Spider Form       |       |     3 |     5 |       ||     8
       Wereblood         |       |     2 |     2 |       ||     4
       Foxfire           |       |       |    24 |     1 ||    25
       Ice Form          |       |       |     3 |     2 ||     5
Invok: Shadow Step       |       |       |     1 |       ||     1
 Abil: End Transformatio |       |       |     1 |       ||     1
  Use: Potion            |     2 |     5 |     5 |       ||    12
       Scroll            |       |       |     1 |     2 ||     3
 Stab: Sleeping          |     1 |     5 |    14 |     8 ||    28
       Distracted        |       |       |     2 |       ||     2
Armor: Skin              |     6 |     2 |    33 |    20 ||    61
Dodge: Dodged            |     8 |    25 |   182 |    55 ||   270
